Map: Ley Lines

Players

ShoWTimE

  • Race: Protoss Protoss
  • League: Master
  • Spawn Location: 7:00

Spirit (souL) - Winner!

  • Race: Terran Terran
  • League: Master
  • Spawn Location: 1:00

Event: HomeStory Cup XXVI

VOD

Have the link to the VOD?

Description

Time

  • Played on: Nov. 29, 2024, 1:58 p.m.
  • Length: 12:19

All games in this series

Show
View Real Time Build Order
Export as new Build Order

ShoWTimE Protoss 

Build Orders: 1 Gate Expand, Phoenix Opening, Colossus Rush 

Get SALT Encoding   

  12  0:00  Probe  
  13  0:12  Probe  
  14  0:17  Pylon  
  14  0:24  Probe  
  15  0:32  Probe  
  15  0:36  Gateway  
  15  0:40  Probe  
  16  0:45  Assimilator  
  17  0:51  Probe  
  18  1:03  Probe  
  19  1:15  Probe  
  20  1:22  Nexus  
  20  1:32  Cybernetics Core  
  20  1:35  Probe  
  21  1:41  Assimilator  
  21  1:47  Probe  
  21  1:51  Pylon  
  22  1:59  Adept, Probe  
  23  2:12  Probe  
  26  2:19  Adept  
  26  2:20  Stargate  
  26  2:24  Probe  
  29  2:34  Probe  
  30  2:38  Warp Gate  
  30  2:40  Probe  
  30  2:41  Shield Battery  
  30  2:42  Probe  
  31  2:48  Adept  
  31  2:50  Probe  
  34  2:52  Probe  
  36  3:01  Phoenix, Probe  
  37  3:06  Probe  
  37  3:11  Pylon  
  40  3:13  Probe  
  40  3:18  Probe  
  42  3:21  Phoenix  
  42  3:25  Probe  
  45  3:30  Probe  
  45  3:32  Gateway  
  46  3:37  Probe  
  47  3:42  Robotics Facility  
  47  3:43  Probe  
  48  3:49  Probe  
  48  3:53  Phoenix  
  48  3:55  Probe  
  49  4:01  Probe  
  48  4:03  Probe  
  48  4:11  Probe  
  48  4:13  Probe  
  50  4:20  Assimilator  
  50  4:21  Probe  
  51  4:25  Pylon  
  51  4:26  Probe  
  51  4:29  Observer  
  53  4:32  Assimilator  
  53  4:33  Probe  
  54  4:43  Probe, Phoenix  
  54  4:45  Probe  
  58  4:50  Pylon  
  58  4:52  Robotics Bay  
  58  4:55  Probe  
  58  4:57  Probe  
  58  4:58  Immortal  
  64  5:15  Nexus  
  64  5:17  Pylon  
  64  5:19  Probe x2  
  66  5:23  Phoenix  
  68  5:29  Colossus  
  68  5:31  Probe  
  68  5:32  Probe  
  68  5:33  Pylon  
  76  5:44  Probe x2  
  78  5:51  Phoenix  
  78  5:53  Pylon  
  78  5:56  Probe x2  
  82  6:09  Colossus  
  81  6:11  Probe  
  81  6:13  Probe  
  81  6:16  Pylon  
  81  6:17  Phoenix  
  85  6:24  Probe  
  85  6:25  Probe  
  87  6:29  Sentry  
  87  6:32  Probe  
  96  6:36  Probe  
  96  6:37  Probe  
  96  6:38  Forge  
  98  6:40  Twilight Council  
  98  6:44  Probe  
  98  6:45  Sentry  
  101  6:48  Probe  
  101  6:52  Probe  
  101  6:53  Assimilator  
  103  6:55  Pylon  
  103  6:56  Probe  
  103  6:57  Assimilator  
  103  7:00  Probe  
  105  7:02  Pylon  
  105  7:04  Probe  
  105  7:05  Gateway, Extended Thermal Lance, Colossus  
  106  7:13  Protoss Ground Weapons Level 1, Probe  
  113  7:24  Gateway  
  113  7:26  Gateway  
  113  7:28  Gateway  
  113  7:30  Sentry  
  113  7:32  Zealot, Gateway  
  113  7:33  Charge  
  117  7:39  Pylon  
  117  7:47  Pylon  
  115  7:55  Warp Prism  
  115  7:59  Gateway, Templar Archives  
  115  8:00  Gateway  
  115  8:01  Zealot x2, Pylon  
  121  8:11  Pylon  
  121  8:12  Pylon  
  119  8:23  Zealot  
  119  8:24  Zealot x2, Pylon, Immortal  
  119  8:25  Observer  
  125  8:30  Nexus  
  125  8:39  High Templar x4  
  137  8:43  Archon x2  
  137  8:47  Zealot x3  
  143  8:49  Probe  
  143  8:50  Probe x2  
  146  8:59  Zealot x2  
  146  9:00  Immortal  
  146  9:01  Pylon  
  146  9:02  Probe  
  151  9:16  Zealot  
  151  9:17  Zealot x4  
  163  9:23  Zealot x3  
  169  9:26  Phoenix  
  169  9:30  Blink  
  167  9:37  Disruptor  
  153  9:38  Protoss Ground Weapons Level 2  
  153  9:43  Zealot x5  
  156  9:57  Probe x4  
  160  10:00  Photon Cannon  
  160  10:01  Shield Battery  
  160  10:02  Photon Cannon  
  160  10:07  Disruptor  
  160  10:10  Stalker x2  
  168  10:15  Stalker x2  
  172  10:22  Forge  
  172  10:31  Zealot x5  
  182  10:39  Stalker x4  
  163  10:55  Zealot x3  
  121  11:06  Immortal  
  121  11:07  Zealot x3  
  121  11:08  Zealot x4  
  122  11:19  Pylon  
  112  11:28  Zealot x6  
  110  11:42  Probe x2  
  110  11:43  Pylon, Probe x2  
  118  11:51  Phoenix  
  120  11:54  Probe x2  
  120  11:58  Zealot x6  
Show
View Real Time Build Order
Export as new Build Order

Spirit Terran - Winner!

Build Orders:  

Get SALT Encoding   

  12  0:00  SCV  
  13  0:12  SCV  
  14  0:18  Supply Depot  
  14  0:24  SCV  
  15  0:40  SCV  
  15  0:42  Barracks  
  16  0:52  SCV  
  16  0:53  Refinery  
  17  1:04  SCV, Engineering Bay  
  18  1:16  SCV  
  19  1:28  Marine  
  19  1:29  Orbital Command  
  20  1:48  Command Center  
  20  1:52  Barracks Reactor  
  20  1:55  SCV  
  21  2:03  Supply Depot  
  21  2:09  SCV  
  22  2:15  Factory  
  22  2:21  SCV  
  23  2:28  Marine x2  
  25  2:33  SCV  
  26  2:43  Bunker  
  26  2:45  SCV, Marine x2  
  29  2:59  Hellion  
  29  3:01  Starport  
  29  3:03  Orbital Command  
  31  3:06  Marine  
  31  3:09  Marine  
  33  3:13  SCV  
  34  3:22  Widow Mine  
  34  3:25  SCV  
  37  3:27  Marine x2  
  37  3:29  SCV  
  40  3:34  Refinery  
  40  3:37  SCV  
  41  3:41  SCV, Medivac  
  41  3:43  Supply Depot  
  41  3:45  Widow Mine  
  46  3:52  Marine  
  46  3:57  Marine  
  46  4:01  SCV  
  46  4:03  SCV  
  45  4:10  Marine, Factory Tech Lab  
  45  4:12  Barracks  
  45  4:13  SCV  
  45  4:15  SCV, Marine  
  49  4:21  Viking  
  49  4:24  Supply Depot  
  49  4:25  SCV  
  49  4:27  SCV  
  49  4:28  Marine  
  52  4:36  Supply Depot  
  52  4:37  SCV  
  53  4:39  SCV  
  53  4:42  Refinery  
  53  4:44  Barracks  
  54  4:45  Marine  
  54  4:46  Cyclone  
  54  4:49  SCV  
  54  4:51  SCV  
  60  4:54  Engineering Bay  
  60  4:59  Supply Depot, Barracks Tech Lab  
  60  5:01  SCV  
  60  5:03  SCV  
  60  5:05  Supply Depot, Marine  
  63  5:08  Marine  
  63  5:13  SCV  
  65  5:15  SCV  
  65  5:19  Stimpack  
  65  5:20  Marauder  
  68  5:22  Missile Turret  
  68  5:25  Terran Infantry Weapons Level 1, SCV  
  68  5:27  SCV, Refinery  
  70  5:29  Starport Reactor  
  70  5:30  Missile Turret  
  70  5:36  Factory Reactor  
  70  5:38  SCV  
  70  5:39  SCV  
  70  5:40  Supply Depot  
  70  5:41  Combat Shield  
  70  5:42  Marine x2  
  72  5:44  Marauder  
  76  5:51  Marauder  
  76  5:55  Supply Depot  
  78  5:57  Supply Depot  
  78  6:00  SCV, Marine x2  
  81  6:05  SCV  
  81  6:06  Marauder  
  81  6:09  Medivac  
  82  6:13  Medivac  
  82  6:15  Widow Mine x2  
  87  6:20  Marine  
  87  6:21  Marauder  
  89  6:27  Marine, Marauder  
  89  6:31  Command Center  
  89  6:32  Supply Depot  
  92  6:38  Marine  
  92  6:39  Widow Mine  
  94  6:40  Widow Mine  
  94  6:42  Marauder  
  94  6:43  Medivac  
  94  6:45  Marine  
  101  6:51  Marine  
  102  6:55  Supply Depot  
  102  6:56  Marine  
  102  6:59  Concussive Shells  
  103  7:03  Marauder  
  103  7:05  Barracks x2  
  103  7:06  Marine  
  103  7:07  SCV x2  
  108  7:09  Marauder  
  110  7:16  Supply Depot  
  110  7:19  Supply Depot, SCV x2  
  112  7:23  Viking  
  112  7:25  Marauder  
  116  7:31  SCV, Viking  
  116  7:34  Terran Infantry Armor Level 1  
  119  7:38  SCV  
  119  7:39  Missile Turret  
  116  7:47  SCV  
  116  7:48  Starport  
  116  7:50  SCV  
  118  7:54  Barracks Tech Lab  
  118  7:55  Barracks Reactor  
  118  7:56  Viking  
  120  8:00  Orbital Command  
  120  8:01  SCV, Viking  
  120  8:02  SCV  
  124  8:07  Marauder  
  124  8:14  SCV x2  
  124  8:15  Marine  
  124  8:16  Marauder  
  126  8:24  Marine  
  126  8:25  Ghost Academy  
  126  8:26  SCV x2, Viking  
  131  8:29  Viking  
  131  8:31  Viking  
  133  8:35  Marine, Marauder  
  133  8:36  Supply Depot  
  133  8:38  Marine  
  139  8:42  Refinery  
  139  8:43  Refinery  
  139  8:45  SCV x2  
  139  8:47  SCV, Sensor Tower  
  142  8:51  Viking  
  145  8:56  Ghost x2  
  145  8:57  SCV x2  
  145  8:58  Viking  
  145  8:59  SCV  
  145  9:01  Supply Depot  
  152  9:06  Ghost  
  152  9:07  Marine  
  152  9:09  SCV  
  155  9:10  Supply Depot  
  155  9:11  Marine  
  155  9:12  Marine  
  157  9:18  Viking  
  157  9:21  Viking  
  161  9:26  Marauder  
  161  9:29  Marine, Marauder  
  168  9:35  Marine  
  159  9:40  Marine  
  159  9:41  Marauder  
  159  9:45  Marine  
  161  9:47  Marauder  
  161  9:51  Marauder  
  163  9:54  Medivac x4  
  163  9:58  Armory  
  163  9:59  Engineering Bay, Command Center  
  167  10:02  Marauder  
  169  10:09  Supply Depot, Marine, Marauder  
  169  10:11  Ghost  
  169  10:12  SCV  
  176  10:15  SCV x2  
  176  10:18  Marine  
  176  10:19  Marine  
  180  10:22  Marine  
  180  10:24  Missile Turret  
  180  10:26  Supply Depot  
  181  10:31  SCV, Marine, Marauder x2  
  187  10:36  Marine  
  187  10:40  Marauder  
  185  10:43  Marine  
  185  10:44  Marine  
  176  10:50  Marine  
  176  10:53  Marine, Marauder  
  176  10:57  Marine, Medivac  
  167  11:01  Marine x2  
  167  11:03  Marine  
  171  11:09  Marine  
  171  11:10  Medivac  
  159  11:12  Marauder  
  159  11:14  Planetary Fortress, Marauder  
  159  11:15  Marine  
  164  11:19  SCV x2, Marine  
  164  11:20  Marauder  
  164  11:23  Marine  
  164  11:24  SCV  
  166  11:26  Marine  
  166  11:31  SCV  
  161  11:33  Marine, Marauder  
  161  11:35  Marauder  
  161  11:37  SCV, Marine  
  163  11:41  Marine, Marauder  
  163  11:42  Starport Reactor  
  163  11:43  Viking x2  
  168  11:50  Marine  
  169  11:54  Marine, Marauder  
  169  11:57  Barracks x2  
  169  11:59  Marine  
Tags
 
Add a new tag
Caveats
  • Supply blocks, unpowered buildings, or Contaminate may cause inaccurate times.
  • Supply counts are checked every 10 seconds.